 Dungeon Crawl Stone Soup version 0.21.1-1-g345015fe64 (webtiles) character file.

991 Gargoyl the Chopper (level 7, 0/59 HPs)
             Began as a Centaur Abyssal Knight on June 16, 2018.
             Was a Priest of Lugonu.
             Slain by a scorpion (7 damage)
             ... on level 5 of the Dungeon.
             The game lasted 00:09:10 (4367 turns).

Gargoyl the Chopper (Centaur Abyssal Knight)        Turns: 4367, Time: 00:09:11

Health: 0/59       AC:  7    Str: 20    XL:     7   Next: 98%
Magic:  10/10      EV:  9    Int: 11    God:    Lugonu [***...]
Gold:   227        SH:  5    Dex: 10    Spells: 6/6 levels left

rFire    . . .     SeeInvis .   a - +2 hand axe (freeze)
rCold    + . .     Gourm    .   (no shield)
rNeg     . . .     Faith    .   o - +0 ring mail {rC+}
rPois    .         Spirit   .   (no helmet)
rElec    .         Reflect  +   i - +0 cloak (curse)
rCorr    .         Harm     .   (no gloves)
MR       .....                  (no barding)
Stlth    ..........             q - +5 amulet of reflection
HPRegen  0.19/turn              n - ring of flight
MPRegen  0.12/turn              (no ring)

@: mighty, glowing, very quick
A: large, hooves 3, deformed body, speed 2, tough skin 3
a: Depart the Abyss, Bend Space, Banish, Renounce Religion, Evoke Flight


You were on level 5 of the Dungeon.
You worshipped Lugonu.
Lugonu was most pleased with you.
You were hungry.

You visited 1 branch of the dungeon, and saw 5 of its levels.
You visited the Abyss 1 time.

You collected 227 gold pieces.

Inventory:

Hand Weapons
 a - a +2 hand axe of freezing (weapon)
 s - a +2 antimagic war axe
 v - the +4 flail of the Equinox {freeze, rElec Stlth+, unknown}
   (You found it on level 5 of the Dungeon)

   It has been specially enchanted to freeze those struck by it, causing extra
   injury to most foes and up to half again as much damage against particularly
   susceptible opponents.
   It can also slow down cold-blooded creatures.
   It insulates you from electricity.
   It makes you more stealthy.
Armour
 i - a cursed +0 cloak (worn)
 o - a +0 ring mail of cold resistance (worn)
Jewellery
 n - a ring of flight (left hand)
 q - a +5 amulet of reflection (around neck)
Wands
 f - a wand of paralysis (17)
 p - a wand of iceblast (11)
Scrolls
 b - 4 scrolls of identify
 e - a scroll of teleportation
 h - a scroll of fear
 r - a scroll of magic mapping
 t - a scroll of remove curse {unknown}
Potions
 d - 2 potions of resistance {unknown}
 g - a potion of mutation {unknown}
 j - a potion of might
 k - 2 potions of curing {unknown}
 l - 2 potions of brilliance {unknown}
 m - 2 potions of haste {unknown}
 u - a potion of magic {unknown}
Comestibles
 c - 8 rations


   Skills:
 + Level 4.2 Fighting
 + Level 5.2 Axes
 * Level 3.8 Armour
 + Level 2.0 Dodging
 * Level 4.7 Invocations


You had 6 spell levels left.
You didn't know any spells.

Dungeon Overview and Level Annotations

Branches:
Dungeon (5/15)             Temple (0/1) D:4

Altars:
Elyvilon
Fedhas
Kikubaaqudgha
Makhleb
Trog
Yredelemnul
Zin

Annotations:
D:5 Prince Ribbit


Innate Abilities, Weirdness & Mutations

You have hooves in place of feet.
Armour fits poorly on your strangely shaped body.
You cover ground very quickly.
You have extremely tough skin. (AC +3)


Message History

You reflect the steel tomahawk off an invisible shield around you!
The steel tomahawk hits the orc.
The orc dies!
You see here a fine flail.
v - a fine flail Prince Ribbit hits you.
Prince Ribbit hits you!
* * * LOW HITPOINT WARNING * * *
A gnoll shaman comes into view. It is wielding a club.
A gnoll comes into view. It is wielding a spear.
The gnoll shouts!
The gnoll shaman calls down the wrath of its god upon you.
You are outlined in light.
The scorpion closely misses you. Prince Ribbit barely misses you.
An adder zombie comes into view.
The gnoll hits you with a club.
* * * LOW HITPOINT WARNING * * *
It was a potion of might.
You feel very mighty all of a sudden. The scorpion stings you!
You die...

#...8.#†###.. # ......
........###.. #. Z....
#._......#....
###.##...#.#...........#.
. ....g.#g#.##...8.#...##.
#. #...#..#.###...##.).##.
#..#..#.......#####..††#.<
........g...........#.#..#
....$..g.@.........<....#.
........Fs...........#....
..(......#...#...........#
........(................#
.........................#
.......).................#
......(...................
.......[..................
......................##..


You could see Prince Ribbit, a gnoll shaman, a scorpion, 3 gnolls and an adder
zombie.

Vanquished Creatures
  The ghost of Hawk2021 the Digger, an amateur GrEE (D:4)
  Menkaure (D:3)
  A necrophage (D:3)
  An eye of draining (D:5)
  2 ogres (D:4)
  A bullfrog (D:4)
  A hound (D:3)
  An orc wizard (D:4)
  2 iguanas
  3 gnolls (D:4)
  4 adders
  A shadow imp (D:2)
  An adder skeleton (D:3)
  A worm (D:4)
  A dart slug (D:4)
  5 leopard geckos
  7 orcs
  3 giant cockroaches (D:2)
  14 hobgoblins
  9 jackals
  A quokka (D:5)
  2 ball pythons (D:1)
  7 bats
  5 frilled lizards
  8 goblins
  A jackal skeleton (D:3)
  14 kobolds
  7 rats
105 creatures vanquished.

Vanquished Creatures (others)
  An orc wizard (D:4)
  An orc (D:5)
2 creatures vanquished.

Grand Total: 107 creatures vanquished

Notes
Turn   | Place    | Note
-------+----------+-------------------------------------------
     0 | Abyss:1  | Gargoyl the Centaur Abyssal Knight began the quest for the Orb.
     0 | Abyss:1  | Reached XP level 1. HP: 19/19 MP: 2/2
    44 | Abyss:2  | Found a corrupted altar of Lugonu.
    65 | Abyss:2  | Found a corrupted altar of Lugonu.
   105 | Abyss:2  | Noticed a small abomination
   107 | Abyss:2  | Noticed an orange demon
   108 | D:1      | Escaped the Abyss
   126 | D:1      | Reached * piety under Lugonu
   132 | D:1      | Reached skill level 2 in Axes
   258 | D:1      | Reached XP level 2. HP: 26/26 MP: 3/3
   680 | D:1      | Reached XP level 3. HP: 31/31 MP: 4/4
  1068 | D:2      | Reached skill level 1 in Dodging
  1293 | D:2      | Reached ** piety under Lugonu
  1497 | D:2      | Reached XP level 4. HP: 31/38 MP: 6/6
  2174 | D:3      | Found a glowing silver altar of Zin.
  2333 | D:3      | Reached XP level 5. HP: 36/45 MP: 7/7
  2337 | D:3      | Reached skill level 3 in Axes
  2423 | D:3      | Found a burning altar of Makhleb.
  2460 | D:3      | Found a basalt altar of Yredelemnul.
  2462 | D:3      | Noticed Menkaure
  2466 | D:3      | Noticed a necrophage
  2469 | D:3      | Found a transporter.
  2499 | D:3      | Found a transporter.
  2499 | D:3      | Found an ancient bone altar of Kikubaaqudgha.
  2730 | D:3      | Killed Menkaure
  2730 | D:3      | Reached XP level 6. HP: 23/52 MP: 8/8
  2999 | D:4      | Noticed Hawk2021's ghost (amateur GrEE)
  3041 | D:4      | Killed Hawk2021's ghost
  3041 | D:4      | Reached skill level 4 in Axes
  3041 | D:4      | Reached XP level 7. HP: 39/58 MP: 8/10
  3257 | D:4      | Found a blossoming altar of Fedhas.
  3395 | D:4      | Reached *** piety under Lugonu
  3402 | D:4      | Found a white marble altar of Elyvilon.
  3410 | D:4      | Found a staircase to the Ecumenical Temple.
  3914 | D:4      | Reached skill level 5 in Axes
  4195 | D:5      | Entered Level 5 of the Dungeon
  4212 | D:5      | Found a bloodstained altar of Trog.
  4352 | D:5      | Noticed Prince Ribbit
  4364 | D:5      | Got a fine flail
  4367 | D:5      | Slain by a scorpion

Skill      XL: |  1  2  3  4  5  6  7 |
---------------+----------------------+-----
Axes           | 2 3 4 5 |  5.2
Dodging        | 1 2 |  2.0
Armour         | 2 3 |  3.8
Invocations    | 3 4 |  4.7
Fighting       | 4 |  4.2

Action                   |  1- 3 |  4- 6 |  7- 9 || total
-------------------------+-------+-------+-------++-------
Melee: Hand axe          |   106 |    88 |    69 ||   263
       Kick              |     8 |    18 |    13 ||    39
Invok: Depart the Abyss  |     1 |       |       ||     1
  Use: Scroll            |     7 |     4 |       ||    11
       Potion            |       |       |     1 ||     1
  Eat: Chunk             |     1 |     4 |     3 ||     8
Armor: Leather armour    |    55 |    14 |       ||    69
       Ring mail         |       |    22 |    12 ||    34
Dodge: Dodged            |    54 |    30 |    28 ||   112
Block: Other             |       |    12 |     9 ||    21
       Reflection        |       |       |     2 ||     2
